Map: Blackburn LE

Players

Seither - Winner!

  • Race: Terran Terran

Raza

  • Race: Terran Terran

Event: DreamHack SC2 Masters 2021 Winter

VOD

Have the link to the VOD?

Description

Time

  • Played on: Oct. 1, 2021, 6:21 a.m.
  • Length: 10:12

All games in this series

Show
View Real Time Build Order
Export as new Build Order

Seither Terran - Winner!

Build Orders: Cyclone Opening 

Get SALT Encoding   

  12  0:00  SCV  
  13  0:12  SCV  
  14  0:17  Supply Depot  
  14  0:24  SCV  
  15  0:39  SCV  
  15  0:41  Barracks  
  16  0:45  Refinery  
  16  0:51  SCV  
  16  0:56  Refinery  
  17  1:03  SCV  
  18  1:15  SCV  
  19  1:28  Reaper, Orbital Command  
  19  1:30  Supply Depot  
  20  1:51  Factory  
  20  1:55  SCV  
  20  2:00  Reaper  
  22  2:07  SCV  
  23  2:19  SCV  
  24  2:31  SCV  
  25  2:38  Factory Tech Lab, Command Center  
  25  2:43  SCV  
  26  2:55  SCV  
  26  2:56  Supply Depot, Barracks Reactor  
  26  2:57  Cyclone  
  30  3:07  SCV  
  31  3:14  Starport  
  31  3:19  SCV  
  32  3:29  Siege Tank  
  32  3:31  SCV  
  32  3:33  Marine x2  
  38  3:37  Supply Depot  
  38  3:39  Refinery  
  38  3:43  SCV  
  36  3:51  Marine x2  
  36  3:55  SCV, Starport Tech Lab  
  39  4:05  Siege Tank  
  39  4:08  SCV  
  43  4:10  Orbital Command  
  43  4:20  SCV  
  43  4:21  Marine x2  
  46  4:25  Raven  
  48  4:32  SCV  
  48  4:38  SCV  
  50  4:40  Marine  
  50  4:41  Marine  
  50  4:44  SCV  
  50  4:45  Supply Depot, Siege Tank  
  56  4:50  SCV  
  57  4:56  SCV  
  58  5:02  SCV  
  58  5:07  Supply Depot  
  58  5:08  SCV  
  59  5:14  SCV  
  59  5:19  Siege Tank  
  59  5:20  SCV  
  64  5:22  Viking  
  64  5:23  Refinery, Viking, Marine  
  64  5:26  SCV  
  64  5:28  Stimpack  
  70  5:31  Supply Depot  
  70  5:32  SCV  
  71  5:38  SCV  
  71  5:41  Marine  
  73  5:43  Command Center  
  73  5:47  SCV  
  74  5:51  SCV  
  74  5:56  Viking x2  
  77  6:00  SCV  
  77  6:02  Siege Tank  
  77  6:03  SCV  
  82  6:08  Marine  
  83  6:12  Supply Depot, SCV  
  83  6:15  SCV  
  79  6:24  SCV  
  68  6:27  SCV, Viking x2  
  68  6:29  Marine  
  71  6:34  Siege Tank  
  71  6:36  SCV  
  71  6:39  SCV  
  76  6:48  SCV, Marine  
  76  6:51  SCV  
  76  6:53  Barracks x2  
  79  6:56  Orbital Command  
  79  7:00  SCV  
  80  7:03  SCV  
  80  7:06  Siege Tank, Viking  
  86  7:10  Viking  
  86  7:12  SCV  
  86  7:14  Combat Shield  
  90  7:15  SCV  
  89  7:27  Engineering Bay  
  89  7:30  Engineering Bay  
  89  7:35  SCV x3  
  89  7:36  Marine  
  93  7:38  Siege Tank  
  93  7:41  Barracks Reactor x2  
  96  7:46  Viking x2  
  99  7:52  SCV x2  
  99  7:54  Supply Depot  
  99  7:57  Barracks x2  
  100  8:05  Marine  
  100  8:07  SCV x2  
  100  8:08  Terran Infantry Weapons Level 1, Terran Infantry Armor Level 1  
  101  8:23  Siege Tank, Marine x3  
  101  8:24  Marine x2  
  101  8:25  Viking  
  109  8:32  Orbital Command  
  105  8:36  SCV x2  
  105  8:40  Missile Turret  
  103  8:41  Marine x4  
  103  8:43  Sensor Tower  
  103  8:44  Missile Turret  
  103  8:45  Missile Turret  
  107  8:50  Barracks Reactor x2  
  107  8:52  Viking  
  107  8:55  SCV x2  
  111  9:01  Viking  
  111  9:02  Marine x3  
  116  9:17  Marine  
  116  9:21  Supply Depot  
  116  9:22  Supply Depot  
  116  9:23  Marine x2  
  116  9:24  Siege Tank, Armory  
  122  9:25  Supply Depot  
  122  9:35  Marine  
  122  9:36  Marine x2  
  125  9:43  Marine x5  
  129  9:54  Marine x4  
  138  10:03  Refinery  
  138  10:04  Refinery  
Show
View Real Time Build Order
Export as new Build Order

Raza Terran 

Build Orders:  

Get SALT Encoding   

  12  0:00  SCV  
  13  0:12  SCV  
  14  0:17  Supply Depot  
  14  0:24  SCV  
  15  0:38  SCV  
  15  0:40  Barracks  
  16  0:44  Refinery  
  16  0:50  SCV  
  16  0:54  Refinery  
  17  1:03  SCV  
  18  1:15  SCV  
  19  1:28  Reaper, Orbital Command  
  19  1:31  Supply Depot  
  20  1:47  Factory  
  20  1:58  SCV  
  20  2:00  Reaper  
  22  2:10  SCV  
  23  2:23  SCV  
  23  2:27  Command Center  
  24  2:32  Hellion  
  24  2:35  Reaper  
  24  2:36  SCV  
  28  2:43  Supply Depot  
  28  2:48  SCV  
  29  2:53  Hellion  
  31  2:59  Starport  
  31  3:04  SCV  
  32  3:07  Barracks Reactor  
  32  3:16  SCV, Factory Tech Lab  
  33  3:23  Refinery  
  33  3:32  SCV  
  34  3:35  Starport Tech Lab  
  34  3:37  Cyclone  
  37  3:44  SCV  
  39  3:48  Marine  
  39  3:49  Marine  
  41  3:56  SCV  
  41  3:59  Orbital Command  
  39  4:04  Raven  
  39  4:06  Marine x2  
  39  4:08  SCV  
  44  4:11  Siege Tank  
  47  4:19  Supply Depot  
  48  4:24  SCV  
  48  4:25  Marine x2  
  48  4:28  SCV  
  51  4:36  SCV  
  52  4:39  Supply Depot  
  52  4:40  SCV  
  52  4:44  Siege Tank, Marine  
  52  4:45  Marine  
  58  4:48  SCV  
  58  4:51  Raven  
  58  4:52  SCV  
  62  4:57  Supply Depot  
  62  5:01  SCV  
  62  5:02  Marine x2  
  62  5:04  SCV  
  66  5:13  SCV  
  67  5:16  SCV  
  67  5:19  Siege Tank, Command Center  
  71  5:25  SCV  
  71  5:28  SCV  
  73  5:32  Supply Depot  
  73  5:40  Marine  
  73  5:41  Stimpack  
  76  5:44  Supply Depot  
  76  5:46  Viking x2  
  78  5:53  SCV  
  78  5:55  Siege Tank  
  81  5:58  Marine  
  81  5:59  SCV  
  81  6:01  Refinery  
  81  6:03  Supply Depot  
  83  6:05  SCV  
  84  6:13  Barracks  
  84  6:14  Barracks  
  84  6:16  Marine  
  80  6:23  Viking  
  72  6:26  Viking  
  72  6:27  Siege Tank  
  72  6:29  SCV  
  78  6:34  SCV, Marine  
  80  6:40  Orbital Command  
  80  6:41  SCV  
  80  6:44  Engineering Bay  
  80  6:45  Engineering Bay  
  80  6:46  SCV  
  82  6:53  SCV, Viking  
  85  6:58  Viking  
  87  7:01  SCV  
  87  7:03  Barracks Reactor x2  
  87  7:07  SCV  
  89  7:09  Orbital Command  
  88  7:17  Terran Infantry Weapons Level 1, Barracks  
  88  7:18  Barracks  
  88  7:21  Marine  
  89  7:24  Terran Infantry Armor Level 1  
  89  7:30  SCV x2  
  89  7:32  Viking  
  89  7:35  SCV  
  89  7:36  Viking  
  96  7:39  Marine  
  96  7:42  SCV x2  
  99  7:47  Marine x2  
  99  7:49  SCV  
  102  7:52  Siege Tank  
  102  7:54  SCV  
  102  7:57  Refinery  
  106  7:58  Refinery  
  106  8:01  SCV  
  106  8:04  Viking  
  104  8:07  Orbital Command  
  104  8:11  Marine  
  88  8:21  Marine x6  
  88  8:24  Siege Tank  
  90  8:31  Viking  
  92  8:35  SCV x2  
  92  8:36  Marine  
  92  8:39  Marine x3  
  92  8:40  Barracks Tech Lab, Marine  
  100  8:43  SCV  
  100  8:48  Marine, Armory  
  101  8:54  Marine  
  102  8:57  Marine  
  102  8:59  Marine x2  
  103  9:06  SCV x2  
  103  9:07  SCV  
  103  9:08  Barracks Reactor  
  103  9:09  Barracks Reactor  
  106  9:11  Factory Tech Lab  
  106  9:18  SCV x2  
  106  9:19  SCV  
  109  9:25  Marine x2  
  109  9:30  SCV x2  
  113  9:31  SCV  
  113  9:32  Siege Tank  
  115  9:41  Marine x3  
  115  9:43  Marine x2  
  115  9:44  Marine  
  108  9:51  Marine  
  104  9:53  Marine  

Tags
 
Add a new tag
Caveats
  • Supply blocks, unpowered buildings, or Contaminate may cause inaccurate times.
  • Supply counts are checked every 10 seconds.